 Dungeon Crawl Stone Soup version 0.21-a0-632-g1e37ce5 (webtiles) character file.

67 TheGoonsmith the Chucker (level 4, -6/49 HPs)
             Began as an Ogre Hunter on Dec 27, 2017.
             Mangled by a gnoll
             ... wielding a +0 flail
              (16 damage)
             ... on level 1 of the Dungeon.
             The game lasted 00:04:01 (1804 turns).

TheGoonsmith the Chucker (Ogre Hunter)              Turns: 1804, Time: 00:04:01

Health: -6/49      AC:  3    Str: 16    XL:     4   Next: 16%
Magic:  4/4        EV: 10    Int: 12    God:
Gold:   152        SH:  0    Dex: 10    Spells: 3/3 levels left

rFire    . . .     SeeInvis .   a - +0 short sword
rCold    . . .     Gourm    .   (no shield)
rNeg     . . .     Faith    .   b - +0 robe
rPois    .         Spirit   .   (helmet restricted)
rElec    .         Reflect  .   (no cloak)
rCorr    .         Harm     .   (gloves unavailable)
MR       .....                  (boots unavailable)
Stlth    +.........             (no amulet)
HPRegen  0.16/turn              (no ring)
MPRegen  0.09/turn              (no ring)

@: no status effects
A: large, unfitting armour, tough skin 1
a: no special abilities


You were on level 1 of the Dungeon.
You were not hungry.

You visited 1 branch of the dungeon, and saw 2 of its levels.

You collected 152 gold pieces.

Inventory:

Hand Weapons
 a - a +0 short sword (weapon)
Missiles
 c - 4 large rocks (quivered)
 d - 2 throwing nets
 i - 4 javelins of penetration
Armour
 b - a +0 robe (worn)
Jewellery
 m - an uncursed ring of wizardry {unknown}
Scrolls
 g - a scroll of teleportation {unknown}
 h - a scroll of identify {unknown}
 j - a scroll of blinking {unknown}
 k - a scroll of enchant weapon {unknown}
 l - a scroll of remove curse {unknown}
 p - a scroll of fear {unknown}
Potions
 e - a potion of curing {unknown}
 n - 3 potions of agility {unknown}
 q - a potion of might
Comestibles
 f - 2 rations


   Skills:
 + Level 4.5 Fighting
 + Level 4.8 Throwing
 - Level 1.7 Dodging
 - Level 0.6 Stealth


You had 3 spell levels left.
You didn't know any spells.

Dungeon Overview and Level Annotations

Branches:
Dungeon (2/15)

Altars:


Innate Abilities, Weirdness & Mutations

You are too large for most types of armour.
You have tough skin. (AC +1)


Message History

The gnoll is heavily wounded.
The gnoll barely misses you.
The gnoll hits you from afar with a spear.
You barely miss the gnoll.
The gnoll is heavily wounded.
The gnoll hits you from afar with a spear.
The gnoll drinks a potion.
The gnoll seems to grow stronger.
Things that are here:
a javelin; a scroll labeled QYONLEU UPNAOST; a club
There is a stone staircase leading up here.
The gnoll hits you with a flail!
* * * LOW HITPOINT WARNING * * *
You climb upwards.
There is a stone staircase leading down, spattered with blood here.
Throwing (i - inventory. (,) - cycle):
o - a javelin (quivered)
Press: ? - help, Shift-Dir - straight line, f - gnoll
Aim: a gnoll, wielding a flail (heavily wounded, unusually strong)
You throw a javelin. The javelin closely misses the gnoll.
The gnoll hits you with a flail!
You die...

####### #.....#
#.....####
#......(.####
##########.....#g....#
.......)........@....#
###.#######..........#
#.# #..........# #.#
###..........#
#.#####...........###
###.##................#
#.#.##........#####...#
#.#.##........# #...#
#.#.##........# #...#


You could see a gnoll.

Vanquished Creatures
  2 gnolls
  4 dart slugs
  A leopard gecko (D:1)
  A ball python (D:2)
  4 bats
  4 giant cockroaches
  5 goblins (D:1)
  4 hobgoblins
  2 kobolds (D:1)
  A quokka (D:2)
  3 frilled lizards (D:2)
  6 rats (D:1)
37 creatures vanquished.

Notes
Turn   | Place    | Note
-------+----------+-------------------------------------------
     0 | D:1      | TheGoonsmith the Ogre Hunter began the quest for the Orb.
     0 | D:1      | Reached XP level 1. HP: 22/22 MP: 1/1
   223 | D:1      | Reached XP level 2. HP: 29/31 MP: 2/2
   662 | D:1      | Reached XP level 3. HP: 14/39 MP: 3/3
  1542 | D:1      | Reached XP level 4. HP: 19/49 MP: 4/4
  1804 | D:1      | Mangled by a gnoll

Vault maps used:
D:1:      nicolae_arrival_memento_mori
D:2:      kennysheep_the_goblin_king, chequers_ecumenical_altar_simple_redux,
          solitary_fountain

Skill      XL: |  1  2  3 |
---------------+----------+-----
Fighting       | 3 4 |  4.5
Throwing       | |  4.8
Dodging        | |  1.7
Stealth        | |  0.6

Action                   |  1- 3 |  4- 6 || total
-------------------------+-------+-------++-------
Melee: Short sword       |   167 |    12 ||   179
Throw: Javelin           |     5 |     2 ||     7
       Large rock        |     1 |       ||     1
  Eat: Chunk             |     1 |       ||     1
       Ration            |       |     1 ||     1
Armor: Robe              |    53 |     3 ||    56
Dodge: Dodged            |   103 |     9 ||   112

Table legend:
 A = Spawn XP
 B = Non-spawn XP
 C = Spawn XP percentage of total XP
 D = Spawn monster count
 E = Non-spawn monster count
 F = Spawn count percentage of total count
 G = Total turns spent on level
                    A         B        C        D         E        F      G
               +---------+---------+-------+---------+---------+-------+---------
         Total |       0 |      96 |   0.0 |       0 |      37 |   0.0 |  1804
               +---------+---------+-------+---------+---------+-------+---------
           D:1 |       0 |      62 |   0.0 |       0 |      25 |   0.0 |  1523
           D:2 |       0 |      34 |   0.0 |       0 |      12 |   0.0 |   281
               +---------+---------+-------+---------+---------+-------+---------
